 Dungeon Crawl Stone Soup version 0.26.1-2-gb8aa6d0cf2 (webtiles) character file.

Game seed: 6621644723647445286

25 Ladykiller69 the Chopper (level 3, -6/30 HPs)
             Began as a Hill Orc Gladiator on Mar 23, 2021.
             Killed from afar by a white imp (9 damage)
             ... with a puff of frost
             ... summoned by Natasha
             ... on level 2 of the Dungeon.
             The game lasted 00:02:44 (806 turns).

Ladykiller69 the Chopper (Hill Orc Gladiator)        Turns: 806, Time: 00:02:45

Health: -6/30      AC:  0    Str: 17    XL:     3   Next: 6%
Magic:  3/3        EV: 20    Int:  8    God:
Gold:   46         SH:  0    Dex: 17    Spells: 2/2 levels left

rFire    . . .     SeeInvis .   (weapon currently unavailable)
rCold    . . .     Faith    .   (shield currently unavailable)
rNeg     . . .     Spirit   .   (armour currently unavailable)
rPois    .         Reflect  .   (helmet currently unavailable)
rElec    .         Harm     .   (cloak currently unavailable)
rCorr    .         Rampage  .   (gloves currently unavailable)
Will     .....                  (boots currently unavailable)
Stlth    ++........             (no amulet)
HPRegen  0.10/turn              (ring currently unavailable)
MPRegen  0.08/turn              (ring currently unavailable)

@: bat-form, flying, very quick
A: tiny
a: Stop Flying


You were on level 2 of the Dungeon.
You were in bat-form.
You visited 1 branch of the dungeon, and saw 2 of its levels.

You collected 46 gold pieces.

Inventory:

Hand Weapons
 a - a +0 war axe (melded)
Missiles
 d - 3 throwing nets (quivered)
Armour
 c - a +0 helmet (melded)
 f - a +0 cloak (melded)
 j - a +0 scale mail (melded)
Scrolls
 b - a scroll of enchant armour {unknown}
 h - a scroll of remove curse {unknown}
Potions
 e - a potion of might {unknown}
 i - a potion of attraction {unknown}


   Skills:
 + Level 2.8 Fighting
 * Level 4.6 Axes
 - Level 2.0 Throwing
 + Level 0.5 Armour
 + Level 2.6 Dodging


You had 2 spell levels left.
You didn't know any spells.
Your spell library was empty.

Dungeon Overview and Level Annotations

Branches:
Dungeon (2/15)

Altars:

Annotations:
D:2 Natasha


Message History

You barely miss the crimson imp.
Natasha mumbles some strange words.
The crimson imp hits you but does no damage.
Natasha barely misses you.
You hit Natasha.
Natasha is heavily wounded.
You barely miss the white imp. You hit the crimson imp.
The crimson imp blinks!
Natasha zaps a wand.
You turn into a bat.
Your +0 war axe melds into your body.
Your +0 cloak melds into your body.
Your +0 helmet melds into your body.
Your +0 scale mail melds into your body.
The white imp gestures at you. The puff of frost hits you!
* * * LOW HITPOINT WARNING * * *
Natasha casts a spell at you. The magic dart hits you.
* * * LOW HITPOINT WARNING * * *
The white imp closely misses you. The white imp gestures at you.
The puff of frost hits you!
You die...

#.. #.....##.#
#.....##.#
#.....##.#
#.....##.#
#.....##.#
#.....##.#
#####.....##b##
#...'†....5...#
#.###.....##.5#
#.#........#h.#
#.#.######.#..#
#.#.# #.#..#
#.#.# #.#..#
#.#.# #.#..#
#.#.# #.#...


You could see Natasha, a crimson imp (summoned) and a white imp (summoned).

Vanquished Creatures
  3 leopard geckos (D:1)
  2 giant cockroaches (D:1)
  4 goblins (D:1)
  A ball python (D:1)
  3 bats
  2 frilled lizards
  A kobold (D:1)
  7 rats (D:1)
23 creatures vanquished.

Notes
Turn   | Place    | Note
-------+----------+-------------------------------------------
     0 | D:1      | Ladykiller69 the Hill Orc Gladiator began the quest for the
                  | Orb.
     0 | D:1      | Reached XP level 1. HP: 18/18 MP: 1/1
     6 | D:1      | Noticed a polar bear
     6 | D:1      | Noticed a salamander
     6 | D:1      | Noticed a wyvern
     7 | D:1      | Noticed a lindwurm
     7 | D:1      | Noticed a killer bee
   237 | D:1      | Reached XP level 2. HP: 25/25 MP: 2/2
   710 | D:1      | Reached XP level 3. HP: 29/30 MP: 3/3
   795 | D:2      | Noticed Natasha
   806 | D:2      | Killed from afar by a white imp

Illustrated notes

Levels and vault maps discovered:
D:1:      onia_arrival_zoo_common, layout_basic, minmay_heptomino_h4
D:2:      layout_basic, marbit_many_paths, old_standard_altar, uniq_natasha

Skill      XL: |  1  2 |
---------------+-------+-----
Throwing       | 2 |  2.0
Fighting       | |  2.8
Axes           | |  4.6
Armour         | |  0.5
Dodging        | |  2.6

Action                   || total
-------------------------++-------
Melee: War axe           ||    68
Armor: Leather armour    ||     7
       Ring mail         ||    14
       Scale mail        ||    10
Dodge: Dodged            ||    46
